 Dungeon Crawl Stone Soup version 0.25-a0-577-ga4619f409e (webtiles) character file.

Game seed: 8454654637242212845, levelgen mode: deterministic

221571 Flugslaktarn the Tortoise (level 18, -3/178 HPs)
             Began as a Deep Dwarf Fighter on Mar 2, 2020.
             Was the Champion of Makhleb.
             Slain by a juggernaut (30 damage)
             ... on level 2 of the Depths.
             The game lasted 00:18:27 (17071 turns).

Flugslaktarn the Tortoise (Deep Dwarf Fighter)     Turns: 17071, Time: 00:18:27

Health: -3/178     AC: 27    Str: 31    XL:     18   Next: 7%
Magic:  4/4        EV:  9    Int:  9    God:    Makhleb [******]
Gold:   476        SH: 17    Dex: 10    Spells: 17/17 levels left

rFire    + . .     SeeInvis .   u - +3 broad axe (freeze)
rCold    + . .     Gourm    .   M - +2 kite shield {reflect}
rNeg     + . .     Faith    .   N - +3 plate armour {rC+}
rPois    .         Spirit   .   (no helmet)
rElec    .         Reflect  +   E - +0 cloak
rCorr    .         Harm     .   g - +2 pair of gloves {Str+3}
MR       ++...                  (no boots)
Stlth    ..........             A - amulet of rage
HPRegen  0.00/turn              j - +6 ring of slaying
MPRegen  0.09/turn              b - ring "Quanu" {rF+ Stlth-}

@: about to teleport, flayed, non-regenerating, lightly drained
A: damage resistance, heal wounds, clumsy 1, negative energy resistance 1, sense
surroundings 3, no regeneration
}: 2/15 runes: decaying, serpentine
a: Heal Wounds, Minor Destruction, Lesser Servant of Makhleb, Major Destruction,
Greater Servant of Makhleb, Renounce Religion, Evoke Berserk Rage


You were on level 2 of the Depths.
You worshipped Makhleb.
Makhleb was exalted by your worship.
You were not hungry.

You visited 8 branches of the dungeon, and saw 35 of its levels.
You visited 1 bazaar.
You also visited: Sewer, Bailey and Gauntlet.

You collected 2189 gold pieces.
You spent 1713 gold pieces at shops.

Inventory:

Hand Weapons
 a - a +1 war axe
 u - a +3 broad axe of freezing (weapon)
   (You acquired it in a bailey)
 J - the +7 war axe of Suicidal Tendencies {pain, rPois rC+ SInv}
   (You found it on level 5 of the Lair of Beasts)

   In the hands of one skilled in necromantic magic, it inflicts extra damage on
   living creatures.
   It protects you from cold.
   It protects you from poison.
   It lets you see invisible.
Missiles
 k - 2 throwing nets (quivered)
Armour
 c - a +0 kite shield
 g - a +2 pair of gloves of strength (worn)
   (You found it in a Gauntlet)
 E - a +0 cloak (worn)
   (You found it on level 3 of the Lair of Beasts)
 M - a +2 kite shield of reflection (worn)
   (You took it off Donald on level 1 of the Snake Pit)
 N - a +3 plate armour of cold resistance (worn)
   (You took it off Donald on level 1 of the Snake Pit)
 R - a +0 tower shield
   (You took it off Louise on level 15 of the Dungeon)
Jewellery
 b - the ring "Quanu" (right hand) {rF+ Stlth-}
   (You found it in a Gauntlet)

   [ring of attention]

   It protects you from fire.
   It makes you less stealthy.
 j - a +6 ring of slaying (left hand)
   (You found it on level 15 of the Dungeon)
 l - a +6 ring of dexterity
   (You found it on level 3 of the Dungeon)
 p - an uncursed ring of ice
   (You found it on level 4 of the Swamp)
 A - an amulet of rage (around neck)
   (You found it on level 8 of the Dungeon)
 C - a +2 ring of strength
   (You found it on level 1 of the Lair of Beasts)
Wands
 H - a wand of acid (1)
   (You found it on level 4 of the Lair of Beasts)
 I - a wand of iceblast (7)
   (You found it on level 6 of the Lair of Beasts)
Scrolls
 d - a scroll of summoning
 f - 3 scrolls of immolation
 i - a scroll of fear
 o - a scroll of torment
 r - 2 scrolls of identify
 s - 5 scrolls of magic mapping
 t - 4 scrolls of teleportation
 x - 14 scrolls of remove curse
 y - 3 scrolls of fog
 z - 4 scrolls of blinking
 K - a scroll of holy word
 O - a scroll of random uselessness
 Q - a scroll of enchant armour {unknown}
Potions
 h - a potion of haste
 m - 3 potions of magic
 n - 3 potions of resistance
 q - 7 potions of curing
 v - 2 potions of cancellation
 w - 5 potions of heal wounds
 B - 5 potions of brilliance
 F - a potion of mutation
 G - a potion of stabbing
 L - a potion of lignification
Comestibles
 e - 38 rations
 P - 18 chunks of flesh


   Skills:
 * Level 15.1(14.8) Fighting
 - Level 18.0(17.6) Axes
 + Level 19.0(18.6) Armour
 + Level 17.1(16.7) Shields
 - Level 15.0(14.6) Invocations


You had 17 spell levels left.
You didn't know any spells.
Your spell library was empty.

Dungeon Overview and Level Annotations

Branches:
Dungeon (15/15)            Temple (1/1) D:4            Lair (6/6) D:8
  Swamp (4/4) Lair:2        Snake (4/4) Lair:3        Slime (1/5) Lair:5
    Orc (2/2) D:10            Elf (0/3) Orc:2        Depths (2/5) D:15
  Sewer (visited)          Bailey (visited)         Gauntlet (visited)
 Vaults: D:13-14

Altars:
Ashenzari
Cheibriados
Dithmenos
Elyvilon
Fedhas
Gozag
Hepliaklqana
Makhleb
Nemelex Xobeh
Qazlal
Ru
Sif Muna
Trog
Uskayaw
Wu Jian
Xom
Yredelemnul
Zin
The Shining One
Jiyva

Shops:
D:6 ?   D:8 (   Orc:2 [}*[   Depths:1 }==

Portals:
Pandemonium: Depths:1

Annotations:
D:3 2 transporters, Flugslaktarn's ghost, weakling DDFi
D:5 2 transporters, MisterFreud's ghost, novice HuWn
Lair:1 1 runed translucent door, Flugslaktarn's ghost, novice DDFi
Lair:3 exclusion: 2 oklob plants
Lair:5 exclusion: 3 oklob plants
Orc:2 3 runed translucent doors, KennyOmg's ghost, journeyman MiBe


Innate Abilities, Weirdness & Mutations

You are resistant to damage.
You can heal yourself by infusing magical energy.
You resist negative energy. (rN+)
You passively map a large area around you.
You do not regenerate.
You are clumsy. (Dex -2)


Message History

The spriggan berserker goes berserk!
You block something's attack. Something bites you but does no damage.
You completely miss something. You slash the frost giant!
A vampire knight comes into view. It is wielding a +0 war axe.
The frost giant misses you.
Your magical essence is drained by the effort!
You feel much better.
The flayed ghost cries, "Feel what I felt!"
Terrible wounds spread across more of your body!
* * * LOW HITPOINT WARNING * * *
You block something's attack. x2
You hit something. You slash the frost giant! Something hits you!!
* * * LOW HITPOINT WARNING * * *
Something bites you but does no damage.
You are too injured to fight recklessly!
You are too injured to fight recklessly!
You are too injured to fight recklessly!
As you read the scroll of teleportation, it crumbles to dust.
You feel strangely unstable. The juggernaut hits you!!
You die...

* * , .# ...,. #..... * , , *,
, ,..#,.. .#....#..* * ,* , , ,
,, ...##.##...... , , ,
....#.#..WV#*, *, , ,
.......DaC# ,* , ...⌠...GC## ,
* , ,, ,,#....#.DO# ,,, *, ,,,
#... ##C## ,, * #. , ,,
.....#@C.#, , ..# . ,
,....⌠.{(⌠.##, , #.#, * ., ,
......#.)))## , #..# * .
.....###).(.#####..# ..
,........# ##...)(#...# **
............# #.#..(((|.# ,
...........# ..###))#)#.#####*
..........##*?.⌠. ####?###...
...........###..,*##..#.#..####


You could see a juggernaut, a shadow dragon, a frost giant, a fire giant, a fire
dragon, a vampire knight, an ettin, a flayed ghost, a glowing orange brain, an
ogre mage and a soldier ant shaped shifter.

Vanquished Creatures
  Sojobo (Depths:1)
  Rupert (Lair:3)
  Jorgrun (Swamp:1)
  Donald (Snake:1)
  6 nagarajas (Snake:4)
  3 tengu reavers
  3 frost giants
  2 fire giants (Depths:2)
  Louise (D:15)
  A balrug (Depths:1)
  Aizul (Snake:3)
  3 stone giants
  5 very ugly things
  4 spark wasps
  A minotaur (Gauntlet)
  An ettin (Depths:2)
  Snorg (Orc:1)
  3 fire dragons
  A merfolk javelineer (Depths:1)
  2 ogre magi
  3 yaktaur captains (Depths:2)
  A great orb of eyes (Depths:1)
  6 naga warriors
  3 rakshasas
  An ice dragon (D:15)
  4 shambling mangroves
  12 anacondas
  2 centaur warriors (D:15)
  14 hydras
  A ghost crab (Swamp:4)
  5 deep troll shamans (Depths:1)
  4 alligators
  2 tengu warriors
  5 orc high priests (Orc:2)
  5 deep troll earth magi
  9 two-headed ogres
  5 death yaks (Lair:5)
  5 spriggans
  A naga sharpshooter (Snake:4)
  Urug (Lair:1)
  2 thrashing horrors (Gauntlet)
  A deep elf knight (Bailey)
  Nergalle (Lair:4)
  A shock serpent (Snake:3)
  A salamander mystic (Snake:4)
  2 iron trolls (Depths:1)
  A spriggan druid (Swamp:4)
  2 glowing orange brains (Depths:1)
  2 naga ritualists (Snake:4)
  3 unseen horrors (D:15)
  7 deep trolls (Depths:1)
  A lindwurm (Lair:5)
  7 swamp dragons
  An orange crystal statue (D:15)
  5 orc knights (Orc:2)
  6 ugly things
  9 deep elf magi (Bailey)
  4 mana vipers
  2 cyclopes
  2 salamanders
  10 elephants
  2 centaur zombies (D:15)
  6 guardian serpents
  4 naga magi
  10 black mambas
  A rust devil (Depths:1)
  26 spiny frogs
  7 komodo dragons
  4 yaktaurs (Depths:2)
  5 trolls
  A polar bear (Lair:5)
  14 tyrant leeches
  2 tengu conjurers (Depths:2)
  3 red devils (Depths:1)
  18 hornets
  4 hippogriffs
  14 slime creatures
  16 blink frogs
  2 centaur simulacra (Gauntlet)
  4 wyverns
  2 wraiths
  21 yaks
  5 basilisks
  A golden eye (Lair:5)
  3 hungry ghosts (D:10)
  A steam dragon (D:9)
  A chaos spawn (Depths:1)
  Menkaure (D:7)
  An acid dragon (D:15)
  17 vampire mosquitoes
  5 insubstantial wisps (Swamp:3)
  9 swamp worms
  13 water moccasins
  18 nagas
  Purgy (Sewer)
  A hydra simulacrum (Gauntlet)
  A meliai simulacrum (Gauntlet)
  3 black bears
  11 porcupines
  28 orc warriors
  A sky beast (D:15)
  4 swamp drakes (Swamp:4)
  8 ogres
  5 centaurs
  33 wolves
  10 crocodiles
  3 small abominations (Gauntlet)
  A big kobold (D:8)
  17 bullfrogs
  4 scorpions
  2 troll zombies (D:10)
  A water moccasin skeleton (D:4)
  32 killer bees
  4 wights (D:9)
  3 electric eels (D:7)
  7 crimson imps
  A bullfrog zombie (D:7)
  5 hounds
  2 jellies
  A quasit (D:5)
  3 iron imps (Depths:1)
  20 orc priests
  Ijyb (D:5)
  2 bullfrog skeletons
  3 centaur skeletons
  A gnoll shaman (D:7)
  2 iguanas (D:11)
  11 orc wizards
  3 worker ants
  4 ogre zombies (D:10)
  A worker ant zombie (D:8)
  10 adders
  7 gnolls
  A river rat (Lair:3)
  A shadow imp (D:6)
  13 white imps
  2 adder skeletons
  2 worms (D:4)
  5 leopard geckos
  67 orcs
  6 giant cockroaches
  5 goblins
  8 jackals
  9 kobolds
  2 quokkas
  A ball python (Sewer)
  A bat (D:1)
  5 frilled lizards
  A goblin skeleton (D:10)
  3 goblin zombies (D:10)
  A hobgoblin zombie (D:10)
  An orc skeleton (D:10)
  12 orc zombies (D:10)
  A quokka zombie (D:8)
  A rat (D:1)
  11 plants
858 creatures vanquished.

Vanquished Creatures (collateral kills)
  7 hydras
  4 anacondas (Snake:4)
  A death yak (Lair:5)
  A shock serpent (Snake:4)
  A naga ritualist (Snake:4)
  A swamp dragon (Swamp:4)
  A salamander (Snake:4)
  5 guardian serpents (Snake:4)
  3 black mambas (Snake:4)
  5 naga magi (Snake:4)
  A blink frog (Lair:3)
  A spriggan (Lair:3)
  8 nagas
  2 swamp drakes (Swamp:4)
  A bullfrog (Lair:6)
42 creatures vanquished.

Vanquished Creatures (others)
  2 nagarajas (Snake:4)
  An alligator (Swamp:3)
  A black mamba (Snake:4)
  3 yaktaurs (Depths:2)
  An orc (D:7)
  A fungus (Lair:6)
  21 plants
30 creatures vanquished.

Grand Total: 930 creatures vanquished

Notes
Turn   | Place    | Note
-------+----------+-------------------------------------------
     0 | D:1      | Flugslaktarn the Deep Dwarf Fighter began the quest for the
                  | Orb.
     0 | D:1      | Reached XP level 1. HP: 20/20 MP: 1/1
     1 | D:1      | Noticed an electric eel
   231 | D:2      | Reached XP level 2. HP: 22/27 MP: 2/2
   309 | D:3      | Found a transporter.
   310 | D:3      | Noticed an ogre
   310 | D:3      | Noticed Flugslaktarn's ghost (weakling DDFi)
   311 | D:3      | Found a transporter.
   330 | D:4      | Noticed a scorpion
   344 | D:4      | Killed a scorpion
   344 | D:4      | Reached XP level 3. HP: 33/34 MP: 2/2
   383 | D:4      | Reached XP level 4. HP: 41/42 MP: 3/3
   402 | D:4      | Found a staircase to the Ecumenical Temple.
   407 | Temple   | Entered the Ecumenical Temple
   629 | Temple   | Became a worshipper of Makhleb the Destroyer
   700 | D:4      | Reached skill level 4 in Armour
   716 | D:4      | Noticed a centaur
   727 | D:4      | Killed a centaur
   727 | D:4      | Reached skill level 1 in Invocations
   727 | D:4      | Reached XP level 5. HP: 34/49 MP: 3/5
   949 | D:4      | Reached XP level 6. HP: 56/56 MP: 4/4
  1193 | D:5      | Entered Level 5 of the Dungeon
  1233 | D:5      | Reached skill level 5 in Axes
  1238 | D:5      | Found a glowing golden altar of the Shining One.
  1277 | D:5      | Found a transporter.
  1280 | D:5      | Found a transporter.
  1281 | D:5      | Noticed MisterFreud's ghost (novice HuWn)
  1360 | D:5      | Reached XP level 7. HP: 59/63 MP: 3/5
  1547 | D:5      | Reached * piety under Makhleb
  1553 | D:5      | Reached skill level 5 in Armour
  1626 | D:5      | Reached skill level 5 in Shields
  1772 | D:5      | Noticed Ijyb
  1790 | D:5      | Killed Ijyb
  1875 | D:5      | Found a shimmering blue altar of Sif Muna.
  2081 | D:6      | Found Umucutorr's Magic Scroll Shop.
  2195 | D:6      | Found a basalt altar of Yredelemnul.
  2196 | D:6      | Found an opulent altar of Gozag.
  2251 | D:6      | Found a glowing drain.
  2272 | Sewer    | Entered a sewer
  2285 | Sewer    | Noticed Purgy
  2306 | Sewer    | Killed Purgy
  2440 | D:6      | Reached XP level 8. HP: 50/73 MP: 6/6
  2546 | D:6      | Found a sacrificial altar of Ru.
  2558 | D:6      | Reached ** piety under Makhleb
  3090 | D:6      | Bought a scroll of brand weapon for 240 gold pieces
  3090 | D:6      | Bought a scroll of fog for 24 gold pieces
  3273 | D:7      | Reached skill level 5 in Invocations
  3281 | D:7      | Noticed Menkaure
  3291 | D:7      | Killed Menkaure
  3291 | D:7      | Reached skill level 6 in Armour
  3428 | D:7      | Found a shattered altar of Ashenzari.
  3458 | D:7      | Reached skill level 5 in Fighting
  3693 | D:7      | Found a snail-covered altar of Cheibriados.
  3693 | D:7      | Found a shadowy altar of Dithmenos.
  3698 | D:7      | Found a blossoming altar of Fedhas.
  3700 | D:7      | Found a faded altar of an unknown god.
  3701 | D:7      | Found a faded altar of an unknown god.
  3834 | D:8      | Gained mutation: You passively map the area around you.
                  | [Deep Dwarf growth]
  3834 | D:8      | Reached XP level 9. HP: 72/81 MP: 4/4
  3838 | D:8      | Found a staircase to the Lair.
  3939 | D:8      | Found Daphy's Weapon Emporium.
  3974 | D:8      | Reached *** piety under Makhleb
  4006 | D:8      | Found a flagged portal.
  4018 | Bailey   | Entered a bailey
  4026 | Bailey   | Noticed a deep elf mage
  4036 | Bailey   | Killed a deep elf mage
  4048 | Bailey   | Noticed a deep elf mage
  4049 | Bailey   | Noticed a deep elf mage
  4049 | Bailey   | Noticed a deep elf mage
  4065 | Bailey   | Killed a deep elf mage
  4066 | Bailey   | Noticed a deep elf mage
  4077 | Bailey   | Killed a deep elf mage
  4077 | Bailey   | Reached skill level 7 in Armour
  4077 | Bailey   | Noticed a deep elf mage
  4079 | Bailey   | Killed a deep elf mage
  4080 | Bailey   | Noticed a deep elf mage
  4087 | Bailey   | Noticed a sun demon
  4089 | Bailey   | Killed a deep elf mage
  4089 | Bailey   | Reached XP level 10. HP: 64/91 MP: 5/5
  4092 | Bailey   | Killed a deep elf mage
  4094 | Bailey   | Killed a deep elf mage
  4094 | Bailey   | Reached skill level 10 in Axes
  4143 | Bailey   | Noticed a deep elf mage
  4143 | Bailey   | Noticed a deep elf mage
  4151 | Bailey   | Noticed a soul eater
  4164 | Bailey   | Killed a deep elf mage
  4169 | Bailey   | HP: 4/92 [deep elf mage/bolt of negative energy (19)]
  4185 | Bailey   | Killed a deep elf mage
  4230 | Bailey   | Noticed a deep elf knight
  4256 | Bailey   | Killed a deep elf knight
  4256 | Bailey   | Reached skill level 8 in Armour
  4294 | Bailey   | Identified a scroll of acquirement
  4791 | D:8      | Reached **** piety under Makhleb
  4817 | Lair:1   | Entered Level 1 of the Lair of Beasts
  4825 | Lair:1   | Noticed an eight-headed hydra
  4849 | Lair:1   | Killed an 11-headed hydra
  4852 | Lair:1   | Reached XP level 11. HP: 63/99 MP: 6/6
  4929 | Lair:1   | Noticed Urug
  4947 | Lair:1   | Killed Urug
  5123 | Lair:1   | Noticed Flugslaktarn's ghost (novice DDFi)
  5125 | Lair:1   | Found a runed translucent door.
  5708 | Lair:2   | Reached skill level 9 in Armour
  5808 | Lair:2   | Reached skill level 10 in Invocations
  6138 | Lair:2   | Reached XP level 12. HP: 69/110 MP: 6/6
  6592 | Lair:2   | Noticed an eight-headed hydra
  6614 | Lair:2   | Killed an 11-headed hydra
  6645 | Lair:2   | Noticed a six-headed hydra
  6654 | Lair:2   | Killed an eight-headed hydra
  6671 | Lair:2   | Found a staircase to the Swamp.
  6719 | Lair:3   | Noticed Rupert
  6748 | Lair:3   | Killed Rupert
  6753 | Lair:3   | Reached skill level 10 in Shields
  6757 | Lair:3   | Reached skill level 10 in Armour
  6834 | Lair:3   | Found a staircase to the Snake Pit.
  6835 | Lair:3   | Noticed a six-headed hydra
  6864 | Lair:3   | Killed a 12-headed hydra
  7167 | Lair:3   | Noticed a five-headed hydra
  7178 | Lair:3   | Reached ***** piety under Makhleb
  7197 | Lair:3   | Killed a nine-headed hydra
  7370 | Lair:3   | Noticed a five-headed hydra
  7377 | Lair:3   | Killed a nine-headed hydra
  7936 | Lair:4   | Found a gate leading to a gauntlet.
  7961 | Lair:4   | Noticed Nergalle
  7972 | Lair:4   | Killed Nergalle
  7972 | Lair:4   | Reached XP level 13. HP: 88/120 MP: 3/3
  7995 | Gauntlet | Entered a Gauntlet
  7995 | Gauntlet | Found a transporter.
  8004 | Gauntlet | Found a transporter.
  8016 | Gauntlet | Found a transporter.
  8020 | Gauntlet | Found a transporter.
  8022 | Gauntlet | Found a large runed translucent door.
  8022 | Gauntlet | Found a large runed translucent door.
  8023 | Gauntlet | Found a large runed translucent door.
  8024 | Gauntlet | Found a large runed translucent door.
  8024 | Gauntlet | Found a large runed translucent door.
  8024 | Gauntlet | Found a runed translucent door.
  8025 | Gauntlet | Found a large runed translucent door.
  8026 | Gauntlet | Found a large runed translucent door.
  8027 | Gauntlet | Found a large runed translucent door.
  8027 | Gauntlet | Found a large runed translucent door.
  8028 | Gauntlet | Found a runed translucent gate.
  8040 | Gauntlet | Found a transporter.
  8040 | Gauntlet | Found a runed translucent gate.
  8041 | Gauntlet | Found a runed translucent gate.
  8042 | Gauntlet | Found a large runed translucent door.
  8042 | Gauntlet | Found a large runed translucent door.
  8043 | Gauntlet | Found a large runed translucent door.
  8044 | Gauntlet | Found a large runed translucent door.
  8053 | Gauntlet | Found a transporter.
  8054 | Gauntlet | Found a runed translucent door.
  8066 | Gauntlet | Found a transporter.
  8086 | Gauntlet | Found a transporter.
  8090 | Gauntlet | Found a transporter.
  8098 | Gauntlet | Found a transporter.
  8117 | Gauntlet | Noticed a green death
  8128 | Gauntlet | Found a transporter.
  8128 | Gauntlet | Found a transporter.
  8129 | Gauntlet | Found a runed translucent door.
  8145 | Gauntlet | Found a large runed translucent door.
  8146 | Gauntlet | Found a large runed translucent door.
  8148 | Gauntlet | Found a large runed translucent door.
  8148 | Gauntlet | Found a runed translucent door.
  8226 | Gauntlet | Got a vibrating jade ring
  8228 | Gauntlet | Identified the ring "Quanu" {rF+ Stlth-} (You found it in a
                  | Gauntlet)
  8272 | Gauntlet | Noticed a minotaur
  8283 | Gauntlet | Killed a minotaur
  8292 | Gauntlet | Found the +3 robe of Clouds {+Thunder rCloud rElec}
  8382 | Lair:4   | Found a glowing golden altar of the Shining One.
  9053 | Lair:5   | Reached skill level 11 in Armour
  9309 | Lair:5   | Got a shimmering war axe
  9310 | Lair:5   | Identified the +7 war axe of Suicidal Tendencies {pain,
                  | rPois rC+ SInv} (You found it on level 5 of the Lair of
                  | Beasts)
  9427 | Lair:5   | Reached skill level 15 in Axes
  9795 | Lair:5   | Found a viscous altar of Jiyva.
  9795 | Lair:5   | Found a staircase to the Slime Pits.
 10067 | Lair:5   | Reached skill level 12 in Armour
 10116 | Lair:6   | Entered Level 6 of the Lair of Beasts
 10215 | Lair:6   | Gained mutation: You resist negative energy. (rN+) [Deep
                  | Dwarf growth]
 10215 | Lair:6   | Reached XP level 14. HP: 121/130 MP: 4/4
 11313 | Snake:1  | Entered Level 1 of the Snake Pit
 11424 | Snake:1  | Noticed Donald
 11456 | Snake:1  | Killed Donald
 11456 | Snake:1  | Reached skill level 10 in Fighting
 11648 | Snake:2  | Reached skill level 13 in Armour
 11927 | Snake:3  | Noticed Aizul
 11947 | Snake:3  | Killed Aizul
 11982 | Snake:4  | Entered Level 4 of the Snake Pit
 12098 | Snake:4  | Reached XP level 15. HP: 122/140 MP: 5/5
 12128 | Snake:4  | Reached skill level 14 in Armour
 12146 | Snake:4  | Noticed a nagaraja
 12147 | Snake:4  | Noticed a nagaraja
 12147 | Snake:4  | Noticed a nagaraja
 12153 | Snake:4  | Killed a nagaraja
 12153 | Snake:4  | Noticed a nagaraja
 12159 | Snake:4  | Noticed a nagaraja
 12160 | Snake:4  | Killed a nagaraja
 12176 | Snake:4  | Killed a nagaraja
 12181 | Snake:4  | Killed a nagaraja
 12190 | Snake:4  | Killed a nagaraja
 12198 | Snake:4  | Noticed a nagaraja
 12199 | Snake:4  | Noticed a nagaraja
 12212 | Snake:4  | Killed a nagaraja
 12219 | Snake:4  | Killed a nagaraja
 12222 | Snake:4  | Noticed a nagaraja
 12222 | Snake:4  | Gained mutation: You are clumsy. (Dex -2) [a cacodemon]
 12239 | Snake:4  | Killed a nagaraja
 12263 | Snake:4  | Got a serpentine rune of Zot
 12579 | Swamp:1  | Entered Level 1 of the Swamp
 12579 | Swamp:1  | Noticed Jorgrun
 12597 | Swamp:1  | Killed Jorgrun
 12627 | Swamp:1  | Reached skill level 15 in Armour
 12690 | Swamp:1  | Reached skill level 15 in Shields
 12690 | Swamp:1  | Reached ****** piety under Makhleb
 13059 | Swamp:3  | Reached XP level 16. HP: 150/150 MP: 6/6
 13285 | Swamp:4  | Entered Level 4 of the Swamp
 13397 | Swamp:4  | Reached skill level 15 in Invocations
 13442 | Swamp:4  | Noticed an Executioner
 13468 | Swamp:4  | Reached skill level 16 in Armour
 13549 | Swamp:4  | Got a decaying rune of Zot
 13782 | Slime:1  | Entered Level 1 of the Pits of Slime
 13782 | Slime:1  | Noticed an acid blob
 14265 | D:10     | Entered Level 10 of the Dungeon
 14363 | D:10     | Found a staircase to the Orcish Mines.
 14550 | Orc:1    | Entered Level 1 of the Orcish Mines
 14550 | Orc:1    | Found a frozen archway.
 14550 | Orc:1    | Noticed Snorg
 14566 | Orc:1    | Killed Snorg
 14591 | Orc:2    | Entered Level 2 of the Orcish Mines
 14664 | Orc:2    | Noticed KennyOmg's ghost (journeyman MiBe)
 14679 | Orc:2    | Found a runed translucent gate.
 14679 | Orc:2    | Found a runed translucent gate.
 14679 | Orc:2    | Found a runed translucent gate.
 14810 | Orc:2    | Reached skill level 17 in Armour
 14925 | Orc:2    | Found a staircase to the Elven Halls.
 15121 | Orc:2    | Found Oceenny's Antique Armour Boutique.
 15124 | Orc:2    | Found Kotib's General Store.
 15125 | Orc:2    | Found Wulipn's Antique Armour Boutique.
 15126 | Orc:2    | Found Xyssageg's Gadget Shop.
 15133 | Orc:2    | Bought an encrusted plate armour for 1008 gold pieces
 15143 | Orc:2    | Identified the cursed +1 plate armour "Tizxuiwe" {rF+} (You
                  | bought it in a shop on level 2 of the Orcish Mines)
 15157 | Orc:2    | Bought a glowing scarf for 288 gold pieces
 15689 | D:15     | Entered Level 15 of the Dungeon
 15689 | D:15     | Found a shattered altar of Ashenzari.
 15789 | D:15     | Found a gateway to a bazaar.
 15800 | Bazaar   | Entered a bazaar
 15808 | Bazaar   | Found Lezugali's Jewellery Shop.
 15819 | Bazaar   | Found Bigush's Antique Armour Shop.
 15854 | Bazaar   | Bought a pitted hat for 153 gold pieces
 15859 | Bazaar   | Identified the cursed -3 hat "Foxtom" {rN+ Dex+3 Stlth+}
                  | (You bought it in a shop in a bazaar)
 16043 | D:15     | Noticed Louise
 16063 | D:15     | Killed Louise
 16089 | D:15     | Found a blossoming altar of Fedhas.
 16150 | D:15     | Reached skill level 18 in Armour
 16269 | D:15     | Reached XP level 17. HP: 155/164 MP: 4/4
 16272 | D:15     | Found a staircase to the Depths.
 16334 | Depths:1 | Entered Level 1 of the Depths
 16385 | Depths:1 | Noticed Sojobo
 16416 | Depths:1 | Killed Sojobo
 16690 | Depths:1 | Found a one-way gate leading to the halls of Pandemonium.
 16813 | Depths:1 | Found Lonoa's Gadget Boutique.
 16813 | Depths:1 | Found Laiph's Jewellery Shoppe.
 16814 | Depths:1 | Found Quessunu's Jewellery Shoppe.
 16998 | Depths:2 | Reached skill level 15 in Fighting
 17013 | Depths:2 | Gained mutation: You passively map a large area around you.
                  | [Deep Dwarf growth]
 17013 | Depths:2 | Reached XP level 18. HP: 178/178 MP: 5/5
 17044 | Depths:2 | Reached skill level 19 in Armour
 17054 | Depths:2 | Noticed a juggernaut
 17058 | Depths:2 | Identified the +10 shortbow of Royalism {venom, Str+5}
 17071 | Depths:2 | Slain by a juggernaut

Levels and vault maps discovered:
D:1:      arrival_aquarium_a, layout_loops_ring, grunt_decor_mini_mirrors
D:2:      layout_loops_ring, first_ration, tgw_kikubaaqudgha
D:3:      layout_loops_ring, gammafunk_ghost_smash,
          nicolae_qazlal_general_emergency, uniq_crazy_yiuf_cottage
D:4:      layout_cave_pools, temple_doors_e, minmay_ruptured
D:5:      layout_loops_ring, kennysheep_mini, kennysheep_mini_moat,
          gammafunk_ghost_hive, hangedman_decor_diamond_cutter,
          guppyfry_early_orc_mine, uniq_ijyb
D:6:      layout_basic, gammafunk_temple_overflow_pools, lemuel_doored_altar,
          serial_shops, shop, gup_sewer_entry_pipe,
          minmay_fractal_squares_gapless_5
D:7:      layout_loops_ring, chequers_temple_overflow_minitemple, serial_bayou,
          serial_bayou_pond_b, serial_bayou_shore_a, serial_bayou_pond_e,
          serial_bayou_pond_e, basic_altar, uniq_menkaure
D:8:      layout_basic, dpeg_oklobed_lair, enter_bailey_3, serial_shops, shop,
          grunt_ogre_cave
D:9:      layout_grid_maze
D:10:     layout_basic, zombieorc1_lemuel, uniq_fannar
D:11:     layout_roguey
D:12:     layout_big_octagon, minmay_starry_boxes, uniq_maurice
D:13:     layout_basic, hangedman_vaults_entry_quadrant_bands,
          kennysheep_generic_room_8, uniq_kirke
D:14:     kennysheep_treasure_stockpile, layout_irregular_city,
          hangedman_abyss_or_decor_slice
D:15:     grunt_enter_depths_hoard, layout_rooms, serial_shops, statue_bzr,
          ashenzari_altar_1, minmay_fountain_box, fedhas_altar_2, uniq_louise
Temple:   minmay_temple_curvy_branch
Lair:1:   layout_cave_pods, hellmonk_ghost_happy_afterlife, grunt_megastairs_4,
          uniq_urug
Lair:2:   layout_cave_pods, palyth_hydra_swamp_entry,
          grunt_forest_large_clearings
Lair:3:   regret_index_harrowing_hell_hive, layout_cave_pods,
          minmay_snake_entry_guardpost_small, chequers_serial_rivers_micro_d,
          minivault_24, chequers_serial_rivers_micro_b,
          grunt_forest_large_clearing_hut, uniq_rupert
Lair:4:   layout_regular_city, gauntlet_entry_generic, lemuel_centaur_altar,
          lemuel_fruit_fields, uniq_nergalle
Lair:5:   cheibrodos_lair_overgrown_chateau, layout_cave_pods, slime_altar_1,
          minivault_24, minmay_lair_oklob_chamber
Lair:6:   minmay_lair_end_frog_pond, layout_cave_pods, infiniplex_staircase_pool
Swamp:1:  layout_basic_swamp, evilmike_swamp_ruin_rubble_2, swamp_pool1,
          uniq_nikola, uniq_jorgrun
Swamp:2:  layout_basic_swamp, hangedman_swamp_blocks
Swamp:3:  layout_falls_marsh, ebering_ghost_inner_flame, hangedman_swamp_pad
Swamp:4:  swamp, layout_basic_swamp
Snake:1:  layout_gridlike, uniq_donald
Snake:2:  layout_chambers, serial_shops, shop_fountains
Snake:3:  layout_concentric_octagons, uniq_aizul
Snake:4:  grunt_snake_rune_serpentine_throne, layout_rooms, special_room
Slime:1:  layout_caves
Orc:1:    layout_caves, portal_ice_cave_entry_imps, bloody_makhleb, uniq_snorg
Orc:2:    st_orc_pillars, layout_caves, gammafunk_ghost_split
Depths:1: layout_cave_pools, grunt_pan_entry_zigzag, kennysheep_flooded_box,
          hell_entry, glass_columns_b, kennysheep_two_boxes,
          serial_bayou_shore_b, minmay_shop_grove, uniq_sojobo
Depths:2: minmay_the_grid_octo_tiled_octocenter_mashed
          [minmay_the_grid_octo_fat_diamond, minmay_the_grid_octo_toaster,
          minmay_the_grid_octo_fan_narrow, minmay_the_grid_octo_horde,
          minmay_the_grid_octo_prize_big_c,
          minmay_the_grid_square_5x5_bracketed,
          minmay_the_grid_square_5x5_minimal, minmay_the_grid_square_5x5_fat_x,
          minmay_the_grid_square_5x5_shrine2], layout_cave_shapes,
          enter_ziggurat_d, rand_demon_pan_entry_8, hangedman_decor_opposing,
          abyss_entry, pf_hell_entry_tar_spiral, infiniplex_staircase_pillars_1

Skill      XL: |  1  2  3  4  5  6  7  8  9 10 11 12 13 14 15 16 17 18 |
---------------+-------------------------------------------------------+-----
Fighting       | 3 4 5 6 7 8 9 10 11 13 15 | 15.1
Axes           | 3 4 5 6 7 9 11 12 13 15 16 17 18 | 18.0
Armour         | 4 5 6 7 8 9 10 12 13 15 18 19 | 19.0
Shields        | 4 5 6 7 8 9 10 12 13 15 17 | 17.1
Invocations    | 1 2 4 5 7 8 10 11 12 13 14 15 | 15.0

Action                   |  1- 3 |  4- 6 |  7- 9 | 10-12 | 13-15 | 16-18 || total
-------------------------+-------+-------+-------+-------+-------+-------++-------
Melee: War axe           |    40 |    79 |   351 |    38 |   913 |   282 ||  1703
       Broad axe         |       |       |       |   509 |   138 |   598 ||  1245
Invok: Lesser Servant of |       |       |       |    14 |     9 |     2 ||    25
       Greater Servant o |       |       |       |       |     5 |     5 ||    10
 Abil: Heal Wounds       |     1 |     3 |    27 |    34 |    17 |    28 ||   110
Evoke: Wand              |       |       |       |     3 |     2 |     6 ||    11
  Use: Scroll            |       |       |    13 |    11 |     4 |    11 ||    39
       Potion            |       |       |     1 |     4 |     5 |     2 ||    12
 Stab: Invisible         |       |       |       |     4 |       |       ||     4
       Confused          |       |       |       |     1 |     2 |       ||     3
       Distracted        |       |       |       |     3 |    12 |     2 ||    17
  Eat: Chunk             |       |     2 |     9 |    14 |    11 |    11 ||    47
       Ration            |       |       |       |       |     2 |     2 ||     4
Armor: Scale mail        |    23 |    28 |    10 |       |       |       ||    61
       Plate armour      |       |       |   185 |   491 |   590 |   563 ||  1829
       Chain mail        |       |       |       |       |    20 |       ||    20
Dodge: Dodged            |     8 |    25 |    67 |   205 |   282 |   237 ||   824
Block: Kite shield       |    24 |    47 |   171 |   561 |   950 |   835 ||  2588
       Reflection        |       |       |       |       |    28 |    25 ||    53

Table legend:
 A = Non-vault XP
 B = Vault XP
 C = Vault XP percentage of total XP
 D = Non-vault monster count
 E = Vault monster count
 F = Vault count percentage of total count
                 A         B        C        D         E       F
            +---------+---------+-------+---------+---------+-------
      Total |  147792 |  148637 |  50.1 |     489 |     407 |  45.4
            +---------+---------+-------+---------+---------+-------
        D:1 |       7 |       0 |   0.0 |       5 |       0 |   0.0
        D:2 |      15 |       0 |   0.0 |       2 |       0 |   0.0
        D:3 |       1 |       0 |   0.0 |       1 |       0 |   0.0
        D:4 |     536 |      13 |   2.4 |      20 |       1 |   4.8
        D:5 |     415 |     260 |  38.5 |      16 |       8 |  33.3
        D:6 |     222 |     219 |  49.7 |      13 |       9 |  40.9
        D:7 |     700 |     172 |  19.7 |      23 |       1 |   4.2
        D:8 |    1260 |     125 |   9.0 |      41 |       5 |  10.9
        D:9 |    1484 |       0 |   0.0 |      19 |       0 |   0.0
       D:10 |     136 |     806 |  85.6 |       3 |      27 |  90.0
       D:11 |     515 |       0 |   0.0 |       9 |       0 |   0.0
       D:12 |    1395 |       0 |   0.0 |       6 |       0 |   0.0
       D:13 |     457 |       0 |   0.0 |       4 |       0 |   0.0
       D:14 |    1391 |       0 |   0.0 |      10 |       0 |   0.0
       D:15 |   16062 |    4413 |  21.6 |      36 |       4 |  10.0
     Lair:1 |    3548 |    1224 |  25.6 |      14 |       2 |  12.5
     Lair:2 |    5399 |    5010 |  48.1 |      20 |      33 |  62.3
     Lair:3 |    4802 |    6964 |  59.2 |      24 |      34 |  58.6
     Lair:4 |    1769 |    1263 |  41.7 |       7 |       5 |  41.7
     Lair:5 |   11091 |    4893 |  30.6 |      30 |      16 |  34.8
     Lair:6 |    2156 |   12152 |  84.9 |       8 |      46 |  85.2
    Swamp:1 |    8023 |    2967 |  27.0 |      19 |       1 |   5.0
    Swamp:2 |     872 |       0 |   0.0 |       1 |       0 |   0.0
    Swamp:3 |   11107 |       0 |   0.0 |      32 |       0 |   0.0
    Swamp:4 |    3622 |   16157 |  81.7 |       7 |      26 |  78.8
    Snake:1 |     767 |    2050 |  72.8 |       3 |       1 |  25.0
    Snake:2 |    3745 |       0 |   0.0 |      11 |       0 |   0.0
    Snake:3 |    6862 |    1581 |  18.7 |      11 |       1 |   8.3
    Snake:4 |    6465 |   38427 |  85.6 |      11 |      63 |  85.1
      Orc:1 |     171 |    1248 |  87.9 |       4 |      13 |  76.5
      Orc:2 |    1416 |   10421 |  88.0 |      20 |      57 |  74.0
   Depths:1 |   36114 |   13318 |  26.9 |      41 |      15 |  26.8
   Depths:2 |   15267 |   14914 |  49.4 |      18 |      14 |  43.8
      Sewer |       0 |     145 | 100.0 |       0 |       5 | 100.0
     Bailey |       0 |    6033 | 100.0 |       0 |      10 | 100.0
   Gauntlet |       0 |    3862 | 100.0 |       0 |      10 | 100.0
            +---------+---------+-------+---------+---------+-------
